Map: Dusk Towers

Players

LilDicky - Winner!

  • Race: Terran Terran
  • League: Diamond

sabine

  • Race: Terran Terran
  • League: Diamond

VOD

http://www.twitch.tv/tumescentpie

Description

Time

  • Played on: Dec. 31, 2015, 1:50 a.m.
  • Length: 17:49
Show
View Real Time Build Order
Export as new Build Order

LilDicky Terran - Winner!

Build Orders: Mech 

Get SALT Encoding   

  12  0:01  SCV  
  13  0:15  SCV  
  13  0:17  Supply Depot  
  14  0:27  SCV  
  15  0:40  SCV  
  16  0:47  Barracks  
  16  0:55  SCV  
  17  0:57  Barracks  
  17  1:02  Refinery  
  17  1:09  SCV  
  18  1:22  SCV  
  19  1:26  Refinery  
  19  1:32  Barracks  
  19  1:45  Supply Depot, Reaper  
  21  1:58  Orbital Command  
  20  2:02  Reaper  
  21  2:16  Supply Depot  
  21  2:18  Reaper  
  21  2:21  Reaper  
  23  2:24  SCV  
  24  2:36  Supply Depot, Reaper  
  25  2:40  SCV  
  26  2:50  Reaper  
  25  3:08  Reaper x2  
  27  3:14  SCV  
  28  3:22  Reaper  
  28  3:24  Command Center  
  26  3:37  SCV  
  26  3:40  Reaper x2  
  29  3:50  SCV  
  29  3:54  Reaper  
  30  4:02  SCV  
  28  4:12  Reaper  
  29  4:26  Reaper  
  28  4:48  Factory  
  28  4:49  Command Center  
  28  4:50  Marine  
  29  4:54  Bunker  
  29  4:55  SCV, Bunker  
  29  4:57  Orbital Command  
  29  4:58  Marine  
  30  5:07  SCV  
  30  5:08  Marine  
  32  5:16  Marine  
  32  5:19  SCV  
  34  5:26  Marine  
  34  5:32  SCV  
  34  5:34  Marine  
  34  5:43  Marine  
  34  5:44  SCV  
  36  5:50  Factory Tech Lab, Starport  
  36  5:51  Marine  
  36  5:52  SCV  
  36  5:56  SCV  
  39  5:57  Supply Depot  
  39  6:01  Marine  
  40  6:04  SCV  
  40  6:08  SCV  
  40  6:09  Marine  
  43  6:16  SCV  
  47  6:18  Refinery  
  47  6:20  SCV, Refinery  
  48  6:28  SCV  
  48  6:32  SCV  
  47  6:38  Factory Tech Lab  
  47  6:41  SCV  
  47  6:43  Supply Depot  
  47  6:44  SCV  
  47  6:46  Marine  
  50  6:51  Orbital Command  
  50  6:53  SCV  
  51  6:56  Banshee, Cloaking Field, SCV  
  51  6:58  Siege Tank  
  51  6:59  Marine  
  51  7:01  Marine  
  60  7:04  Marine  
  60  7:05  SCV  
  62  7:08  SCV  
  62  7:12  Factory  
  62  7:13  Factory  
  63  7:16  Marine  
  63  7:17  SCV  
  63  7:22  Marine  
  65  7:30  Siege Tank  
  65  7:31  Marine  
  65  7:33  Command Center  
  65  7:34  Marine  
  70  7:38  SCV x2  
  70  7:40  Marine  
  73  7:49  Marine  
  72  7:51  SCV  
  72  7:52  SCV x2  
  72  7:56  Factory Tech Lab, Factory Reactor  
  72  7:57  Marine  
  72  7:58  Banshee  
  79  8:03  SCV  
  80  8:11  Marine  
  80  8:12  SCV, Marine  
  83  8:13  Siege Tank  
  83  8:15  Siege Tank  
  88  8:23  SCV  
  89  8:35  SCV  
  90  8:46  Hellion  
  90  8:48  SCV  
  93  8:54  Banshee  
  96  8:55  Siege Tank  
  96  8:57  Hellion x2  
  96  9:00  SCV  
  104  9:07  Siege Tank  
  107  9:12  SCV  
  107  9:39  Hellion  
  107  9:40  Hellion, Siege Tank  
  105  9:53  Siege Tank  
  105  9:54  Banshee, Supply Depot x2  
  105  9:55  Supply Depot x2  
  105  9:57  Supply Depot  
  98  10:00  Hellion  
  94  10:09  Orbital Command  
  92  10:16  Siege Tank  
  75  10:55  Engineering Bay  
  72  11:19  Starport  
  61  11:32  Starport  
  48  11:33  Factory  
  48  12:06  Starport Tech Lab  
  48  12:10  Missile Turret  
  48  12:13  Missile Turret, Starport Tech Lab x2  
  48  12:18  Orbital Command  
  48  12:27  Supply Depot  
  48  12:30  SCV  
  43  12:43  Banshee  
  36  13:08  SCV  
  37  13:15  Missile Turret  
  37  13:20  SCV  
  37  13:21  Command Center  
  37  13:23  Banshee  
  41  13:29  SCV, Refinery  
  41  13:32  SCV  
  41  13:33  Refinery  
  43  13:40  Supply Depot  
  43  13:41  SCV  
  43  13:44  SCV  
  45  13:49  Command Center  
  43  14:13  Barracks Tech Lab  
  43  14:24  Orbital Command  
  43  14:57  Refinery  
  42  15:04  Planetary Fortress  
  42  15:08  SCV, Refinery  
  42  15:09  SCV  
  44  15:14  Refinery  
  44  15:21  SCV x2  
  46  15:33  Refinery  
  46  15:34  Refinery  
  40  15:51  SCV x2  
  40  15:53  Planetary Fortress  
  42  16:03  SCV x2  
  44  16:12  Planetary Fortress, Refinery  
  44  16:15  SCV x2  
  46  16:27  SCV x2  
  46  16:34  SCV  
  46  16:39  SCV x2  
  46  16:47  SCV  
  46  16:59  Banshee x2  
  46  17:07  Barracks  
  46  17:08  Barracks  
  46  17:09  Barracks  
  46  17:10  SCV x3  
  46  17:18  Refinery, Missile Turret  
  46  17:22  SCV  
Show
View Real Time Build Order
Export as new Build Order

sabine Terran 

Build Orders: MMM Bio 

Get SALT Encoding   

  12  0:00  SCV  
  13  0:13  SCV  
  14  0:22  Supply Depot  
  14  0:25  SCV  
  15  0:43  SCV  
  16  0:54  Refinery  
  16  0:55  SCV  
  16  0:58  Barracks  
  16  1:08  SCV  
  17  1:20  SCV  
  18  1:29  Barracks  
  18  1:32  SCV, Barracks  
  19  1:44  SCV  
  20  1:50  Reaper  
  21  1:56  Orbital Command  
  21  2:07  Refinery  
  21  2:15  Supply Depot  
  21  2:17  Reaper  
  22  2:25  SCV  
  23  2:36  Reaper  
  24  2:37  Supply Depot  
  24  2:38  Reaper  
  24  2:42  SCV  
  25  3:14  Reaper x2  
  25  3:15  SCV, Reaper  
  29  3:25  Command Center  
  27  3:43  SCV  
  28  3:48  Supply Depot  
  28  3:49  Barracks Tech Lab, Reaper  
  28  3:51  Command Center  
  28  3:52  Engineering Bay  
  29  4:05  Barracks Reactor  
  29  4:19  SCV  
  29  4:22  Terran Infantry Weapons Level 1  
  29  4:36  Combat Shields, Marine  
  29  4:37  Marine  
  31  4:54  Marine  
  31  5:02  Marine x2  
  33  5:17  Barracks Reactor  
  33  5:18  Marine  
  33  5:20  Marine  
  35  5:22  Factory  
  32  5:48  Orbital Command  
  31  5:50  Orbital Command  
  31  5:53  SCV  
  31  5:54  Marine x3  
  31  5:55  Marine  
  36  5:57  Stimpack  
  36  6:02  Supply Depot  
  36  6:05  SCV  
  37  6:11  Factory Reactor  
  37  6:13  Marine  
  37  6:14  Marine  
  37  6:15  Marine  
  37  6:16  Terran Infantry Armor Level 1, Marine  
  37  6:17  SCV, Starport  
  42  6:22  Marine  
  43  6:26  Supply Depot  
  43  6:31  Marine  
  44  6:33  Marine x2  
  46  6:40  SCV  
  47  6:49  SCV x2  
  47  6:50  Refinery, Marine x2  
  47  6:52  SCV  
  52  6:59  Factory Tech Lab  
  52  7:00  Armory, Supply Depot  
  52  7:01  Medivac x2  
  54  7:02  SCV  
  54  7:04  SCV x2  
  59  7:15  SCV  
  60  7:16  SCV  
  60  7:17  SCV  
  62  7:28  SCV  
  63  7:31  Refinery, Medivac x2  
  63  7:32  SCV  
  68  7:40  SCV  
  68  7:44  SCV, Liberator  
  68  7:53  SCV  
  68  7:58  Marine x5  
  70  8:00  Siege Tank  
  70  8:04  Orbital Command  
  79  8:16  Marine x5  
  84  8:33  Marine  
  85  8:34  Marine  
  86  8:47  Missile Turret  
  86  8:48  Missile Turret  
  86  9:01  Liberator  
  77  9:18  Viking  
  77  9:19  Marine  
  83  9:29  Marine x2  
  52  10:26  Orbital Command  
  22  12:05  Orbital Command  
  17  13:18  SCV  
  15  13:20  Barracks Tech Lab  
  15  13:39  Barracks Reactor  
  15  13:41  Supply Depot  
  15  14:02  SCV  
  16  14:04  Supply Depot  
  16  14:14  SCV  
  17  14:27  SCV  
  17  14:31  Marine x3  
  19  14:35  Factory  
  19  14:37  Factory  
  21  14:39  SCV  
  22  14:51  SCV  
  23  15:03  SCV  
  24  15:15  SCV, Engineering Bay  
  27  15:23  Factory Reactor  
  27  15:27  SCV, Barracks Tech Lab  
  28  15:32  Starport  
  26  15:39  SCV  
  26  15:55  Siege Tank  
  29  16:00  Widow Mine  
  31  16:12  Supply Depot  
  31  16:18  Viking  
Tags
 
Add a new tag
Caveats
  • Supply blocks, unpowered buildings, or Contaminate may cause inaccurate times.
  • Supply counts are checked every 10 seconds.